 Dungeon Crawl Stone Soup version 0.26-a0-818-g75db068ed4 (webtiles) character file.

Game seed: 13645586641110069089

299 sahdkjhfkaj the Chopper (level 6, -2/47 HPs)
             Began as a Human Fighter on Nov 14, 2020.
             Slain by mhtbhm's ghost (6 damage)
             ... on level 3 of the Dungeon.
             The game lasted 00:08:43 (4679 turns).

sahdkjhfkaj the Chopper (Human Fighter)             Turns: 4679, Time: 00:08:43

Health: -2/47      AC: 10    Str: 18    XL:     6   Next: 63%
Magic:  6/6        EV:  6    Int:  9    God:
Gold:   101        SH:  9    Dex: 12    Spells: 5/5 levels left

rFire    . . .     SeeInvis .   a - +0 war axe
rCold    . . .     Faith    .   c - +0 kite shield
rNeg     . . .     Spirit   .   v - +0 chain mail
rPois    .         Reflect  .   (no helmet)
rElec    .         Harm     .   (no cloak)
rCorr    .         Rampage  .   (no gloves)
MR       .....                  h - +0 pair of boots
Stlth    ..........             (no amulet)
HPRegen  0.15/turn              (no ring)
MPRegen  0.10/turn              (no ring)

@: no status effects
A: no striking features
a: no special abilities


You were on level 3 of the Dungeon.
You visited 1 branch of the dungeon, and saw 3 of its levels.

You collected 101 gold pieces.

Inventory:

Hand Weapons
 a - a +0 war axe (weapon)
 b - a +0 hunting sling
Missiles
 q - 105 stones
 r - 14 poisoned darts (quivered)
Armour
 c - a +0 kite shield (worn)
 h - a +0 pair of boots (worn)
 v - a +0 chain mail (worn)
Jewellery
 e - an uncursed ring of magical power {unknown}
 i - a cursed ring of attention {unknown}
 j - an uncursed ring of wizardry {unknown}
 l - an uncursed ring of positive energy {unknown}
 o - an uncursed ring of protection from cold {unknown}
 t - a cursed ring of attention {unknown}
Wands
 w - a wand of polymorph (10)
Scrolls
 d - a scroll of magic mapping {!r}
 f - a scroll of blinking {!r, unknown}
 g - a scroll of fear {!r}
 k - a scroll of immolation {!r, unknown}
 p - a scroll of enchant armour {!r, unknown}
 s - a scroll of amnesia {!r, unknown}
Potions
 m - a potion of resistance {!q, unknown}
 u - a potion of ambrosia {!q, unknown}
 x - a potion of lignification {!q, unknown}
 z - a potion of curing {!q, unknown}


   Skills:
 - Level 3.5 Fighting
 - Level 3.6 Axes
 - Level 3.5 Armour
 - Level 3.5 Dodging
 - Level 3.5 Shields
 + Level 1.0 Evocations


You had 5 spell levels left.
You didn't know any spells.
Your spell library was empty.

Dungeon Overview and Level Annotations

Branches:
Dungeon (3/15)

Altars:
Uskayaw
Beogh

Annotations:
D:2 Sigmund
D:3 mhtbhm's ghost, amateur GrFi


Message History

Unknown command.
Mhtbhm's ghost whispers, "The ORB doesn't exist."
Mhtbhm's ghost whispers, "It is all a dream - a grotesque and foolish dream."
Sigmund shouts!
Mhtbhm's ghost hits you!
* * * LOW HITPOINT WARNING * * *
There is a stone staircase leading down here.
You climb downwards.
There is a stone staircase leading up here.
Mhtbhm's ghost hits you!
* * * LOW HITPOINT WARNING * * *
Mhtbhm's ghost hits you but does no damage. (m)acro, (M)acro raw, keymap [(k) default, (x) level-map, (t)argeting, (c)onfirm, m(e)nu], (s)ave?
Input macro trigger key: i Input macro action: nuybn Created macro 'i' => 'nuybn'.
Mhtbhm's ghost hits you!
* * * LOW HITPOINT WARNING * * *
Mhtbhm's ghost hits you.
You die...

#..........##...# #.#
#..#..#...###.#.# #.# #..#......#
#.#.# #.###### #..#.##...# #.#.##
#....... #..#.##..####....#####
######## #.....#.....)........# #
#............[....##.# #
#.#...##.#####..#.##.### #
#.##.###.#<.....@W.....# # ..##.#
#.#.###....##.#.##########
####.###...........#.#...........
#.........................####
########.###...##########.####
#.# #.### #..... #.###.# ######
######### #.....# ........#
###.###


You could see mhtbhm's ghost.

Vanquished Creatures
  A scorpion (D:2)
  2 orc priests (D:3)
  8 adders
  2 worms (D:2)
  3 dart slugs
  2 leopard geckos
  14 orcs (D:3)
  7 giant cockroaches
  8 goblins
  15 hobgoblins
  A quokka (D:2)
  A ball python (D:3)
  8 bats
  2 frilled lizards
  8 kobolds
  14 rats
96 creatures vanquished.

Notes
Turn   | Place    | Note
-------+----------+-------------------------------------------
     0 | D:1      | sahdkjhfkaj the Human Fighter began the quest for the Orb.
     0 | D:1      | Reached XP level 1. HP: 18/18 MP: 1/1
    52 | D:1      | Reached XP level 2. HP: 24/24 MP: 2/2
   461 | D:1      | Reached skill level 1 in Dodging
   461 | D:1      | Reached XP level 3. HP: 29/29 MP: 3/3
  1306 | D:2      | Noticed a scorpion
  1392 | D:1      | Reached XP level 4. HP: 29/35 MP: 4/4
  1621 | D:2      | Noticed Sigmund
  1776 | D:2      | Reached XP level 5. HP: 41/41 MP: 5/5
  1900 | D:2      | Found a hide-covered altar of Uskayaw.
  2707 | D:3      | Reached XP level 6. HP: 45/47 MP: 6/6
  3817 | D:3      | Identified the +3 scale mail of Hopscotch {-Cast rF+ Str+8
                  | Stlth+}
  3819 | D:3      | Noticed mhtbhm's ghost (amateur GrFi)
  3820 | D:3      | Found a runed translucent gate.
  3820 | D:3      | Found a runed translucent gate.
  3826 | D:3      | Found a runed translucent gate.
  3826 | D:3      | Found a roughly hewn altar of Beogh.
  4509 | D:3      | Reached skill level 1 in Evocations
  4679 | D:3      | Slain by mhtbhm's ghost

Illustrated notes

Levels and vault maps discovered:
D:1:      minmay_arrival_jagged, layout_basic, minivault_19
D:2:      minmay_diamond_boxcup, layout_rooms, marbit_many_paths, uniq_sigmund
D:3:      layout_loops_ring, biasface_ghost_orc_armoury, grunt_ministairs_4

Skill      XL: |  1  2  3  4  5  6 |
---------------+-------------------+-----
Axes           | 3 |  3.6
Dodging        | 1 2 3 |  3.5
Evocations     | 1 |  1.0
Fighting       | |  3.5
Armour         | |  3.5
Shields        | |  3.5

Action                   |  1- 3 |  4- 6 || total
-------------------------+-------+-------++-------
Melee: War axe           |    82 |    77 ||   159
 Fire: Hunting sling     |    19 |   183 ||   202
  Use: Scroll            |       |     4 ||     4
       Potion            |       |     1 ||     1
Armor: Scale mail        |    43 |    62 ||   105
       Chain mail        |       |    25 ||    25
Dodge: Dodged            |    35 |    72 ||   107
Block: Kite shield       |    53 |   116 ||   169

Table legend: (Time is in decaauts)
 A = Elapsed time spent in this place.
 B = Non-inter-level travel time spent in this place.
 C = Inter-level travel time spent in this place.
 D = Time resting spent in this place.
 E = Time spent auto-exploring this place.
 F = Levels seen in this place.
 G = Mean time per level.
                   A        B        C        D        E       F      G
               +--------+--------+--------+--------+--------+-----+--------+
         Total |   4796 |   4360 |    436 |    840 |   2514 |   3 | 1598.7 |
       Dungeon |   4796 |   4360 |    436 |    840 |   2514 |   3 | 1598.7 |
               +--------+--------+--------+--------+--------+-----+--------+

Top non-repeatable levels by time:
     D:3: 1993 daAuts
     D:1: 1638 daAuts
     D:2: 1164 daAuts
